 Dungeon Crawl Stone Soup version 0.25.1-8-g42b30a86e7 (webtiles) character file.

Game seed: 9283910242504807145

180 hehateme the Sneak (level 5, -3/33 HPs)
             Began as a Kobold Wanderer on Dec 13, 2020.
             Killed from afar by an orc wizard (13 damage)
             ... with a puff of flame
             ... on level 4 of the Dungeon.
             The game lasted 00:06:19 (3829 turns).

hehateme the Sneak (Kobold Wanderer)                Turns: 3829, Time: 00:06:20

Health: -3/33      AC:  8    Str: 16    XL:     5   Next: 91%
Magic:  6/6        EV: 16    Int: 13    God:
Gold:   96         SH:  0    Dex: 14    Spells: 6/6 levels left

rFire    x . .     SeeInvis .   a - +2 spear
rCold    . . .     Gourm    .   (shield restricted)
rNeg     . . .     Faith    .   h - +0 ring mail
rPois    .         Spirit   .   m - +2 helmet "Sainene" {rElec rF- Str+5}
rElec    +         Reflect  .   (no cloak)
rCorr    .         Harm     .   (no gloves)
MR       .....                  (no boots)
Stlth    ++........             (no amulet)
HPRegen  0.11/turn              (no ring)
MPRegen  0.10/turn              (no ring)

@: no status effects
A: small, carnivore
a: no special abilities


You were on level 4 of the Dungeon.
You were full.

You visited 1 branch of the dungeon, and saw 4 of its levels.

You collected 96 gold pieces.

Inventory:

Hand Weapons
 a - a +2 spear (weapon)
 b - a +0 short sword
 f - a +0 dagger
Missiles
 n - 132 stones (quivered)
 p - 26 sling bullets
 t - 13 poisoned darts
 u - 58 bolts
 w - 8 atropa-tipped darts
 Q - 19 arrows
Armour
 d - a +0 robe
 h - a +0 ring mail (worn)
 m - the +2 helmet "Sainene" (worn) {rElec rF- Str+5}
   (You took it off Robin on level 2 of the Dungeon)

   It affects your strength (+5).
   It makes you vulnerable to fire.
   It insulates you from electricity.
 q - a +0 pair of gloves
Scrolls
 c - a scroll of immolation {unknown}
 i - 2 scrolls of remove curse {unknown}
 j - 6 scrolls of identify {unknown}
 k - a scroll of magic mapping {unknown}
 v - a scroll of teleportation {unknown}
 y - a scroll of blinking {unknown}
Potions
 g - 2 potions of heal wounds {unknown}
 l - a potion of flight {unknown}
 o - 3 potions of curing
 r - a potion of invisibility {unknown}
 s - a potion of berserk rage {unknown}
 x - a potion of cancellation {unknown}
Comestibles
 e - 6 rations


   Skills:
 + Level 3.9 Fighting
 * Level 5.2 Dodging
 - Level 5.3 Stealth
 - Level 1.1 Spellcasting
   Level 1.0 Translocations
   Level 1.0 Fire Magic


You had 6 spell levels left.
You didn't know any spells.
Your spell library contained the following spells:

 Spells                   Type           Power        Failure   Level  Hunger
 Corona                   Hex            #......      47%         1    ##.....
 Ensorcelled Hibernation  Hex/Ice        #.....       63%         2    ###....
 Confusing Touch          Hex            #.......     85%         3    ####...
 Dazzling Flash           Conj/Hex       #.....       85%         3    ####...
 Tukima's Dance           Hex            #.......     85%         3    ####...


Dungeon Overview and Level Annotations

Branches:
Dungeon (4/15)
 Temple: D:4-7

Altars:
Ashenzari
Kikubaaqudgha
Makhleb
Sif Muna
Trog
Wu Jian


Innate Abilities, Weirdness & Mutations

You are small and have problems with some larger weapons.
You are carnivorous and can eat meat at any time.


Message History

The orc completely misses you.
The orc wizard hits you but does no damage.
You closely miss the orc wizard. The orc hits you.
* * * LOW HITPOINT WARNING * * *
The orc hits you but does no damage. The orc wizard barely misses you.
You take 3 damage, and have 16/33 hp.
You barely miss the orc wizard. The orc closely misses you.
The orc wizard hits you but does no damage.
The orc hits you with a +0 mace.
* * * LOW HITPOINT WARNING * * *
You take 6 damage, and have 10/33 hp.
You closely miss the orc wizard. The orc completely misses you.
The orc wizard gestures at you while chanting.
The puff of flame misses you. The orc closely misses you.
The orc hits you but does no damage.
Unknown command.
You hit the orc wizard.
The orc wizard gestures at you while chanting.
The puff of flame hits you! The fire burns you terribly!
You die...

####..#### ## #.....# ..
####.###)# ##.# #....#
#.####### ...##...## #.####
#.#...... ...#.....###.#
#.#......
..........#..######.......<
..#.......#..>.............
........o@.###.....#.<....
#.....o#o###.###..######
##............# ##..##
#$...(.....#### ##..#
#........#.# ##.#
#..(....##.# #.###
...#.(.....#.# #...#
....)(........ ###.#
..#.....####.. #.#

Skill      XL: |  1  2  3  4  5 |
---------------+----------------+-----
Dodging        | 2 3 4 5 |  5.2
Fighting       | 3 |  3.9
Stealth        | |  5.3
Spellcasting   | |  1.1
Translocations | |  1.0
Fire Magic     | |  1.0

Notes
Turn   | Place    | Note
-------+----------+-------------------------------------------
     0 | D:1      | hehateme the Kobold Wanderer began the quest for the Orb.
     0 | D:1      | hehateme set off with the following items: a +2 spear, a +0
                  | short sword, a potion of lignification {!q}, a +0 robe, a
                  | ration, a +0 dagger
     0 | D:1      | Reached XP level 1. HP: 12/12 MP: 2/2
   202 | D:1      | Found a shattered altar of Ashenzari.
   207 | D:1      | Reached skill level 2 in Dodging
   207 | D:1      | Reached XP level 2. HP: 18/18 MP: 3/3
   694 | D:1      | Reached XP level 3. HP: 22/22 MP: 4/4
   802 | D:2      | Identified the +2 helmet "Sainene" {rElec rF- Str+5}
   802 | D:2      | Noticed Robin
   825 | D:1      | Reached skill level 3 in Dodging
  1230 | D:2      | Killed Robin
  1230 | D:2      | Reached skill level 3 in Fighting
  1436 | D:2      | Reached XP level 4. HP: 17/28 MP: 5/5
  1772 | D:2      | Found a shimmering blue altar of Sif Muna.
  1787 | D:2      | Found a burning altar of Makhleb.
  1788 | D:2      | Found an ornate altar of the Wu Jian Council.
  2238 | D:3      | Reached skill level 4 in Dodging
  2737 | D:3      | Reached XP level 5. HP: 30/32 MP: 6/6
  3021 | D:3      | Found an ancient bone altar of Kikubaaqudgha.
  3022 | D:3      | Found a bloodstained altar of Trog.
  3382 | D:4      | Reached skill level 5 in Dodging
  3829 | D:4      | Killed from afar by an orc wizard

Table legend:
 A = Turns spent in this place as a percentage of turns spent in the entire game.
 B = Non-inter-level travel turns spent in this place as a percentage of non-inter-level travel turns spent in the entire game.
 C = Inter-level travel turns spent in this place as a percentage of turns spent in this place.
 D = Turns resting spent in this place as a percentage of non-inter-level travel turns spent in this place.
 E = Turns spent auto-exploring this place as a percentage of non-inter-level travel turns spent in this place.
 F = Non-inter-level travel turns spent in this place divided by the number of levels of this place that you've seen.
                   A       B       C       D       E      F
               +-------+-------+-------+-------+-------+----------------------
         Total | 100.0 | 100.0 |   2.7 |  26.9 |  57.3 | 931.2
       Dungeon | 100.0 | 100.0 |   2.7 |  26.9 |  57.3 | 931.2
               +-------+-------+-------+-------+-------+----------------------

Table legend:
 A = Kills in this place as a percentage of kills in entire the game.
 B = Kills by you in this place as a percentage of kills by you in the entire game.
 C = Kills by friends in this place as a percentage of kills by friends in the entire game.
 D = Other kills in this place as a percentage of other kills in the entire game.
 E = Experience gained in this place as a percentage of experience gained in the entire game.
 F = Experience gained in this place divided by the number of levels of this place that you have seen.
                   A       B       C       D       E      F
               +-------+-------+-------+-------+-------+----------------------
         Total | 100.0 | 100.0 |   N/A |   N/A | 100.0 |  64.5
       Dungeon | 100.0 | 100.0 |   N/A |   N/A | 100.0 |  64.5
               +-------+-------+-------+-------+-------+----------------------

Action                   |  1- 3 |  4- 6 || total
-------------------------+-------+-------++-------
Melee: Spear             |    89 |   136 ||   225
Throw: Stone             |    48 |    79 ||   127
  Use: Potion            |     1 |       ||     1
 Stab: Sleeping          |     2 |     1 ||     3
  Eat: Chunk             |     9 |     6 ||    15
Armor: Ring mail         |    13 |    28 ||    41
       Skin              |    31 |       ||    31
Dodge: Dodged            |    44 |    79 ||   123

Vanquished Creatures
  An orc wizard (D:4)
  A bullfrog skeleton (D:4)
  Robin (D:2)
  3 adders
  2 oozes (D:3)
  2 worms
  A dart slug (D:1)
  3 leopard geckos
  2 orcs (D:3)
  A ball python (D:1)
  7 bats
  5 giant cockroaches
  15 goblins
  2 hobgoblins
  2 quokkas
  6 frilled lizards
  7 kobolds
  A quokka skeleton (D:4)
  2 rats (D:2)
64 creatures vanquished. You could see an orc wizard and 2 orcs.

Levels and vault maps discovered:
D:1:      dpeg_arrival_oval, layout_basic, evilmike_ruin_ashenzari
D:2:      layout_rooms, nicolae_overflow_hidden_temple, uniq_robin
D:3:      layout_basic, gammafunk_temple_overflow_pools
D:4:      layout_rooms, ebering_dispersal_statue_hall
